 Dungeon Crawl Stone Soup version 0.13-a0-2926-g9203b68 (webtiles) character file.

788 PolkaDot the Ruinous (level 7, -4/44 HPs)
             Began as a Vampire Wizard on Sept 3, 2013.
             Killed from afar by an orc wizard (8 damage)
             ... with a puff of flame
             ... on Level 4 of the Dungeon.
             The game lasted 00:13:26 (3260 turns).

PolkaDot the Ruinous (Vampire Wizard)               Turns: 3260, Time: 00:13:26

HP  -4/44        AC  2     Str  6      XL: 7   Next: 12%
MP   3/17        EV 16     Int 22      God:
Gold 215         SH  0     Dex 12      Spells:  3 memorised,  5 levels left

Res.Fire  : . . .   See Invis. : +   (no weapon)
Res.Cold  : . . .   Warding    : .   a - +0 robe (curse)
Life Prot.: . . .   Conserve   : .   (no shield)
Res.Poison: .       Res.Corr.  : .   b - +0 wizard hat
Res.Elec. : .       Clarity    : .   (no cloak)
Sust.Abil.: . .     Spirit.Shd : .   (no gloves)
Res.Mut.  : .       Stasis     : .   (no boots)
Res.Rott. : .       Flight     : .   (no amulet)
Saprovore : . . .                    (no ring)
                                     g - +4 ring of evasion

@: regenerating quickly, slightly resistant to hostile enchantments, stealthy
A: bottle blood, fangs 3, see invisible, unbreathing
a: Bottle Blood


You were on level 4 of the Dungeon.
You were full.

You visited 1 branch of the dungeon, and saw 4 of its levels.

You collected 195 gold pieces.

Inventory:

Armour
 a - a cursed +0 robe (worn)
 b - a +0 wizard hat (worn)
Scrolls
 d - a scroll of magic mapping {unknown}
 e - 3 scrolls of teleportation {unknown}
 f - 2 scrolls of amnesia {unknown}
 i - a scroll of blinking {unknown}
 j - a scroll of noise {unknown}
 k - 6 scrolls of identify {unknown}
 l - 2 scrolls of enchant armour {unknown}
 m - 2 scrolls of remove curse {unknown}
 n - a scroll of curse jewellery {unknown}
 o - 3 scrolls of recharging {unknown}
 p - a scroll of enchant weapon I {unknown}
Jewellery
 g - a +4 ring of evasion (left hand)
Books
 c - a book of Minor Magic

   Spells                             Type                      Level
   *Magic Dart                        Conjuration                  1
   Blink                              Translocation                2
   Call Imp                           Summoning                    2
   Repel Missiles                     Charms/Air                   2
   Slow                               Hexes                        2
   *Conjure Flame                     Conjuration/Fire             3
   *Mephitic Cloud                    Conjuration/Poison/Air       3


   Skills:
 - Level 2.1 Dodging
 - Level 3.0 Stealth
 - Level 3.0 Spellcasting
 * Level 5.8 Conjurations
   Level 1.0 Summonings
   Level 0.7 Translocations


You had 5 spell levels left.
You knew the following spells:

 Your Spells              Type           Power        Failure   Level  Hunger
a - Magic Dart            Conj           ####         1%          1    None
d - Mephitic Cloud        Conj/Pois/Air  ##......     17%         3    ###....
s - Conjure Flame         Conj/Fire      ###.....     12%         3    ###....


Dungeon Overview and Level Annotations

Branches:
Dungeon (4/27)
 Temple: D:4-7

Altars:
Nemelex Xobeh
Okawaru

Annotations:
D:4 exclusion: phantom


Innate Abilities, Weirdness & Mutations

Your natural rate of healing is unusually fast.
You can bottle blood from corpses.
You have razor-sharp teeth.*
You have supernaturally acute eyesight.
You can survive without breathing.*


Message History

The magic dart hits the orc.
You kill the orc!
Casting: Magic Dart
Confirm with . or Enter, or press ? or * to list all spells.
Aiming: Magic Dart
Press: ? - help, Shift-Dir - straight line, f - orc wizard
Aim: an orc wizard, wielding an orcish trident and wearing an orcish robe The magic dart hits the orc wizard.
The orc wizard is moderately wounded.
Casting: Magic Dart
Confirm with . or Enter, or press ? or * to list all spells.
Aiming: Magic Dart
Press: ? - help, Shift-Dir - straight line, f/p - orc wizard
Aim: an orc wizard, wielding an orcish trident and wearing an orcish robe (moderately wounded)
The magic dart hits the orc wizard.
The orc wizard is heavily wounded.
The orc wizard points at you and mumbles some strange words.
The puff of flame hits you!
Your scroll labeled HOL VARGHYM catches fire!
You die...

#.# #.# #...... #%# #.#
#...... #.# #.# #......
#.# #.# #......
#####.######.###########
#......
.....<............<.....
..#####
#####>######..o.........
#.# #...)......... #.#
#....@........ #.#
#............. #.#
#............ ...
............... .##
#.#####.####### . #.#
#.# #.# #.#


You could see an orc wizard.

Vanquished Creatures
  The ghost of Engwar the Cudgeler, an average OgHu of the Shining One (D:3)
  Menkaure (D:4)
  2 iguanas (D:4)
  2 orc priests (D:4)
  A hound (D:4)
  2 worker ants (D:4)
  3 gnolls (D:3)
  4 adders
  4 giant geckos
  An ooze (D:2)
  6 orcs
  2 ball pythons (D:2)
  9 bats
  4 giant cockroaches
  4 hobgoblins
  2 jackals (D:3)
  A quokka (D:4)
  7 giant newts
  5 goblins
  4 kobolds
  7 rats
72 creatures vanquished.

Notes
Turn   | Place    | Note
--------------------------------------------------------------
     0 | D:1      | PolkaDot, the Vampire Wizard, began the quest for the Orb.
     0 | D:1      | Reached XP level 1. HP: 11/11 MP: 6/6
   152 | D:1      | Reached skill level 1 in Conjurations
   457 | D:1      | Reached XP level 2. HP: 12/17 MP: 6/8
  1170 | D:2      | Reached XP level 3. HP: 19/22 MP: 7/10
  1196 | D:2      | Learned a level 3 spell: Conjure Flame
  1200 | D:2      | Learned a level 3 spell: Mephitic Cloud
  1378 | D:2      | Found a sparkling altar of Nemelex Xobeh.
  1411 | D:2      | Found an iron altar of Okawaru.
  1543 | D:3      | Noticed Engwar's ghost (average OgHu)
  1626 | D:3      | Paralysed by a potion of paralysis for 7 turns
  1766 | D:3      | Reached XP level 4. HP: 28/28 MP: 8/12
  2237 | D:3      | Killed Engwar's ghost
  2237 | D:3      | Reached skill level 4 in Conjurations
  2237 | D:3      | Reached XP level 5. HP: 20/33 MP: 4/13
  2636 | D:4      | Reached XP level 6. HP: 27/39 MP: 4/15
  2769 | D:4      | Noticed a phantom
  2895 | D:4      | Reached skill level 5 in Conjurations
  3155 | D:4      | Noticed Menkaure
  3164 | D:4      | Killed Menkaure
  3164 | D:4      | Reached XP level 7. HP: 4/44 MP: 9/17
  3253 | D:4      | HP: 2/44 [orc/orcish dagger (4)]
  3260 | D:4      | Killed from afar by an orc wizard

Action                   |  1- 3 |  4- 6 |  7- 9 || total
-------------------------+-------+-------+-------++-------
Melee: Unarmed           |    19 |    25 |       ||    44
 Cast: Magic Dart        |    93 |   119 |    17 ||   229
       Conjure Flame     |     1 |     2 |       ||     3
  Use: Potion            |     6 |       |     1 ||     7
